 Dungeon Crawl Stone Soup version 0.17-a0-755-g4391640 (webtiles) character file.

10690013 FedoraBrony69 the Infernalist (level 27, 188/188 (199) HPs)
             Began as a Deep Elf Conjurer on Apr 20, 2015.
             Was the Champion of Vehumet.
             Escaped with the Orb
             ... and 15 runes on Apr 22, 2015!
             The game lasted 1 day 01:44:53 (158320 turns).

FedoraBrony69 the Infernalist (DECj)          Turns: 158320, Time: 1 , 01:44:53

HP:   188/188 (199) AC: 20    Str:  7    XL:     27
MP:   68/74         EV: 35    Int: 48    God:    Vehumet [******]
Gold: 15204         SH: 20    Dex: 21    Spells: 15 memorised, 0 levels left

rFire  + + +     SeeInvis +     d - +8 flail of the Lesser Evil {elec, Contam rElec rF+ Dex+6}
rCold  + + .     Clarity  .     Q - +1 leather armour of the Sea {MR- MP+9 Int+4 SInv}
rNeg   . . .     SustAb   .     e - +5 shield {rC+ rF+}
rPois  +         Gourm    .     D - +2 helmet {Int+3}
rElec  +         Spirit   .     S - +2 cloak {rPois}
rCorr  .         Warding  .     X - +2 pair of gloves {Str+3}
rMut   +         Stasis   .     s - +2 pair of boots {Fly}
MR     ++++.                    i - amulet of resist mutation
Stlth  +++.......               t - ring of Jagiamip {rC+ MR+++ Str-3 Int+3 Stlth+}
                                a - ring "Viro" {rF+ MP+9 Int+6}

@: flying, delayed fireball, studying Staves, deflect missiles, incredibly
resistant to hostile enchantments, fairly stealthy
A: no device heal 1
a: Renounce Religion, Release Delayed Fireball, Stop Flying
0: Orb of Zot
}: 15/15 runes: barnacled, slimy, silver, golden, iron, obsidian, icy, bone,
abyssal, demonic, glowing, magical, fiery, dark, gossamer


You escaped.
You worshipped Vehumet.
Vehumet was exalted by your worship.
You were not hungry.

You visited 18 branches of the dungeon, and saw 97 of its levels.
You visited Pandemonium 2 times, and saw 22 of its levels.
You visited the Abyss 3 times.
You visited 2 bazaars.
You also visited: Bailey.

You collected 20694 gold pieces.
You spent 5490 gold pieces at shops.

Inventory:

Hand weapons
 d - the +8 flail of the Lesser Evil (weapon) {elec, Contam rElec rF+ Dex+6}
   (You took it off a merfolk on level 5 of the Shoals)

   Occasionally, upon striking a foe, it will discharge some electrical energy
   and cause terrible harm.
   It affects your dexterity (+6).
   It protects you from fire.
   It insulates you from electricity.
   It causes magical contamination when unequipped.
Armour
 e - a +5 shield of resistance (worn)
 s - a +2 pair of boots of flying (worn)
 D - a +2 helmet of intelligence (worn)
 Q - the +1 leather armour of the Sea (worn) {MR- MP+9 Int+4 SInv}
   (You found it on level 11 of the Dungeon)

   It affects your intelligence (+4).
   It affects your resistance to hostile enchantments.
   It affects your magic capacity (+9).
   It enhances your eyesight.
 S - a +2 cloak of poison resistance (worn)
 X - a +2 pair of gloves of strength (worn)
Jewellery
 a - the ring "Viro" (left hand) {rF+ MP+9 Int+6}
   (You bought it in a shop on level 2 of the Vaults)

   [ring of protection from fire]

   It affects your intelligence (+6).
   It protects you from fire.
   It affects your magic capacity (+9).
 i - an amulet of resist mutation (around neck)
 t - the ring of Jagiamip (right hand) {rC+ MR+++ Str-3 Int+3 Stlth+}
   (You found it on level 5 of the Dungeon)

   [ring of stealth]

   It affects your strength (-3).
   It affects your intelligence (+3).
   It protects you from cold.
   It affects your resistance to hostile enchantments.
   It makes you more stealthy.
 E - a cursed -2 ring of slaying
 P - an uncursed amulet of warding
 T - an uncursed ring of positive energy
 Z - an uncursed ring of magical power
Magical devices
 h - a wand of teleportation (4)
 o - a wand of cold (1)
 r - a wand of digging (12)
 O - a wand of heal wounds (6)
 V - a wand of disintegration (9)
Scrolls
 j - 7 scrolls of magic mapping
 l - 2 scrolls of summoning
 n - 15 scrolls of fog
 B - 7 scrolls of amnesia
 C - 32 scrolls of remove curse
 F - a scroll of enchant weapon
 H - 30 scrolls of teleportation
 I - 15 scrolls of identify
 M - a scroll of enchant armour
 R - 11 scrolls of blinking
 W - a scroll of holy word
Potions
 c - 7 potions of might
 g - 12 potions of heal wounds
 k - 10 potions of magic
 q - 2 potions of resistance
 u - 4 potions of cancellation
 v - 13 potions of curing
 w - 4 potions of brilliance
 z - 2 potions of agility
 K - a potion of invisibility
 L - 10 potions of restore abilities
Books
 p - a manual of Staves
 N - the Disquisition on Flamy Blows and Bruises
   (You acquired it on level 2 of the Realm of Zot)

   Spells                             Type                      Level
   a - Magic Dart                     Conjuration                  1
   b - Flame Tongue                   Conjuration/Fire             1
   c - Sting                          Conjuration/Poison           1
   d - Iskenderun's Battlesphere      Conjuration/Charms           5
   e - Bolt of Magma                  Conjuration/Fire/Earth       5
   f - Spellforged Servitor           Conjuration/Summoning        7
 Y - a Grand Grimoire {highlevel}

   This book is beyond your current level of understanding.

   Spells                             Type                      Level
   a - Aura of Abjuration             Summoning                    6
   b - Summon Greater Demon           Summoning                    7
   c - Malign Gateway                 Summoning/Translocation      7
   d - Summon Horrible Things         Summoning                    8
Miscellaneous
 m - the horn of Geryon
 y - a crystal ball of energy
 J - a crystal ball of energy
Comestibles
 b - 28 bread rations
 f - 36 meat rations
 x - 4 fruits
 A - 2 slices of pizza
 G - 20 royal jellies


   Skills:
 O Level 27 Fighting
 + Level 20.7 Maces & Flails
 - Level 15.3 Armour
 O Level 27 Dodging
 - Level 18.1 Stealth
 - Level 19.1 Shields
 O Level 27 Spellcasting
 O Level 27 Conjurations
 - Level 9.5 Charms
 - Level 18.0 Necromancy
 O Level 27 Translocations
 - Level 17.0 Transmutations
 O Level 27 Fire Magic
 - Level 4.3 Ice Magic
 - Level 4.1 Air Magic
 - Level 12.1 Earth Magic
 - Level 10.0 Evocations


You couldn't memorise any spells.
You knew the following spells:

 Your Spells              Type           Power        Failure   Level  Hunger
a - Fire Storm            Conj/Fire      ########..   1%          9    None
b - Ozocubu's Armour      Chrm/Ice       #######.     1%          3    None
c - Phase Shift           Tloc           ########..   0%          5    None
d - Fireball              Conj/Fire      ########..   0%          5    None
e - Disjunction           Tloc           ########..   1%          8    None
f - Delayed Fireball      Conj/Fire      N/A          0%          7    None
g - Deflect Missiles      Chrm/Air       #######...   1%          6    None
h - Controlled Blink      Tloc           N/A          0%          7    None
i - Necromutation         Trmt/Necr      ########..   1%          8    None
j - Swiftness             Chrm/Air       #######.     1%          2    None
k - Dispersal             Tloc           ########..   0%          6    None
m - Sublimation of Blood  Necr           ########..   0%          2    None
n - Regeneration          Chrm/Necr      ########..   0%          3    None
w - Lehudib's Crystal Sp  Conj/Erth      ########..   1%          8    None
x - Haste                 Chrm           ########     1%          6    None


Dungeon Overview and Level Annotations

Branches:
Dungeon (15/15)            Temple (1/1) D:6            Lair (8/8) D:9
 Shoals (5/5) Lair:4       Spider (5/5) Lair:5        Slime (6/6) Lair:6
    Orc (4/4) D:9             Elf (3/3) Orc:3        Vaults (5/5) D:13
  Crypt (3/3) Vaults:2       Tomb (3/3) Crypt:3      Depths (5/5) D:15
   Hell (1/1)                 Dis (7/7) Hell            Geh (7/7) Hell
    Coc (7/7) Hell            Tar (7/7) Hell            Zot (5/5) Depths:5

Altars:
Ashenzari
Cheibriados
Dithmenos
Elyvilon
Fedhas
Gozag
Kikubaaqudgha
Makhleb
Nemelex Xobeh
Okawaru
Qazlal
Ru
Sif Muna
Trog
Vehumet
Xom
Yredelemnul
Zin
The Shining One
Beogh
Jiyva

Shops:
D:8 :?   Orc:3 :   Orc:4 !=[:   Elf:2 *   Shoals:1 :   Shoals:4 %
Shoals:5 *[!?   Vaults:2 [}=*[   Vaults:3 =

Portals:
Hell: Depths:1 Depths:2 Depths:3 Depths:4 Depths:5
Abyss: Depths:2 Depths:3 Depths:4 Depths:5
Pandemonium: Depths:1 Depths:2 Depths:3 Depths:5
Ziggurat: Depths:4


Innate Abilities, Weirdness & Mutations

Potions and wands are less effective at restoring your health.


Message History

You block the blue devil's attack.
You closely miss the blue devil.
The blue devil is moderately wounded.
You block the blue devil's attack.
You barely miss the blue devil.
The blue devil is moderately wounded.
You hit the blue devil.
The blue devil is heavily wounded.
You block the blue devil's attack.
Casting: Fire Storm
Confirm with . or Enter, or press ? or * to list all spells.
Aiming: Lehudib's Crystal Spear
Press: ? - help, Shift-Dir - straight line, f - blue devil
Aim: a blue devil (heavily wounded)
The crystal spear hits the blue devil.
You kill the blue devil!
Vehumet accepts your kill.
You feel your power returning.
There is a staircase leading out of the dungeon here.
You have escaped!

..+.......##### #.# ##..##
..#.......†...# #######.# #..##
..#.##...†#.#.####.......# #.##
....##....#..............# #.#
.....#....#..♣♣♣♣♣♣♣♣♣.#.####.###
.....#....#.♣..PP..PP♣.v.........
.....#....#.♣...P..PP♣..#########
..........#.♣P...PP..♣..#
.....###.##.♣PP.@.P..♣..#
....####.##.♣..P...PP♣.##
.......#.##.♣..PP...P♣.#
.......#.##.♣PP..P...♣.#
.......#.##.♣PP..PP.)♣.#
....####.##.♣♣♣♣♣♣♣♣♣..#
....####'##............#
##.>......###.##########
#####........#


There were no monsters in sight!

Vanquished Creatures
  Cerebov (Pan)
  Antaeus (Coc:7)
  Asmodeus (Geh:7)
  the Serpent of Hell (Tar:7)
  the royal jelly (Slime:6)
  Dissolution (Slime:5)
  Ereshkigal (Tar:7)
  Gloorx Vloq (Pan)
  Mnoleg (Pan)
  16 pandemonium lords (Pan)
  Lom Lobon (Pan)
  Dispater (Dis:7)
  10 orbs of fire
  Mara (Tomb:3)
  Mennas (Crypt:3)
  8 ancient liches
  37 greater mummies
  Sojobo (Depths:3)
  29 shard shrikes
  Margery (Crypt:2)
  Norris (Depths:3)
  Saint Roka (Vaults:5)
  3 caustic shrikes
  6 curse toes
  3 Killer Klowns
  Geryon (Hell)
  Nikola (Vaults:1)
  21 golden dragons
  2 profane servitors (Pan)
  Jory (Tomb:1)
  12 bone dragons
  Xtahua (Vaults:2)
  The ghost of chequers the Impregnable, a mighty FoFi of Qazlal (Depths:2)
  Arachne (Spider:3)
  40 Brimstone Fiends
  3 electric golems (Zot:5)
  Jorgrun (Tomb:3)
  13 liches
  13 Hell Sentinels
  46 Ice Fiends
  29 tentacled monstrosities
  26 Orb Guardians
  5 titans
  2 deep elf blademasters (Elf:3)
  35 Shadow Fiends
  4 quicksilver dragons
  A deep elf master archer (Elf:3)
  7 eldritch tentacles
  2 krakens
  23 acid blobs
  10 tentacled starspawn
  17 ancient champions
  10 sphinxes
  2 octopode crushers
  16 warmongers (Pan)
  56 Executioners
  8 shadow dragons
  Kirke (D:12)
  A thorn hunter (Abyss:3)
  21 storm dragons
  17 azure jellies
  8 tengu reavers
  5 draconian monks
  4 revenants
  A daeva (Pan)
  Ilsuiw (Shoals:5)
  18 fire giants
  7 corrupters (Pan)
  66 balrugs
  Maud (D:14)
  8 iron dragons
  5 draconian knights
  23 frost giants
  36 cacodemons
  8 ghost moths
  6 draconian scorchers
  Aizul (Elf:1)
  Louise (Elf:3)
  12 deep elf sorcerers
  14 ghouls
  4 curse skulls
  An angel (Abyss:3)
  3 draconian zealots
  10 draconian shifters
  4 caustic shrike zombies
  2 orc warlords
  8 emperor scorpions
  3 spriggan defenders
  7 draconian annihilators
  18 ironheart preservers
  14 vault wardens
  11 very ugly things
  7 black draconians
  26 stone giants
  117 reapers
  12 vampire knights
  8 elemental wellsprings
  8 deep elf demonologists
  17 war gargoyles
  A caustic shrike skeleton (Depths:4)
  4 draconian callers
  12 salamander firebrands
  18 blood saints (Pan)
  8 green draconians
  10 mottled draconians
  14 white draconians
  16 deep elf annihilators
  17 lorocyprocas
  16 red draconians
  16 chaos champions (Pan)
  15 purple draconians
  14 black suns (Pan)
  8 yellow draconians
  23 green deaths
  45 blizzard demons
  7 dire elephants
  47 vault guards
  8 merfolk javelineers
  14 ettins
  21 mummy priests
  8 bennus
  10 deep elf death magi
  3 crystal guardians (Crypt:3)
  2 eidola
  10 deep elf high priests
  15 great orbs of eyes
  10 death oozes
  11 merfolk impalers
  Josephine (Lair:7)
  8 quicksilver dragon zombies
  A spectral golden dragon (Tomb:1)
  18 fire dragons
  10 jiangshi
  A ghost crab (Tar:7)
  4 death cobs
  5 spriggan air magi
  5 entropy weavers
  7 rakshasas
  20 yaktaur captains
  18 ogre magi
  5 quicksilver dragon skeletons
  6 hydras
  28 monstrous demonspawn (Pan)
  45 ice dragons
  2 catoblepae
  3 death knights (Crypt:1)
  An anaconda (Lair:8)
  10 merfolk aquamancers
  An alligator snapping turtle (Shoals:5)
  2 merfolk avatars
  A spectral shadow dragon (Tomb:1)
  A satyr (Shoals:4)
  An anaconda (shapeshifter) (Vaults:2)
  2 salamander stormcallers (Abyss:2)
  33 dancing weapons
  12 thrashing horrors
  A spectral fire giant (Depths:4)
  5 tengu warriors
  12 deep troll earth magi
  The ghost of DDCT the Thaumaturge, a powerful DECj of Vehumet (D:11)
  9 deep troll shamans
  17 death yaks
  11 vampire magi
  50 soul eaters
  18 hell beasts
  7 orc high priests
  10 centaur warriors
  9 titan zombies
  116 large abominations
  14 iron golems
  14 shadow wraiths
  22 hell hogs
  12 spriggan berserkers
  8 spriggans
  62 hell knights
  5 storm dragon zombies
  2 salamander mystics (Geh:6)
  2 fire crabs
  56 ice devils
  A shock serpent (shapeshifter) (Vaults:2)
  4 wretched stars
  7 titan skeletons
  33 small abominations
  The ghost of FedoraBrony69 the Thaumaturge, an experienced DECj of Sif Muna (Lair:4)
  4 iron trolls
  187 skeletal warriors
  29 deep elf knights
  12 sea snakes
  22 anaconda zombies
  12 giant orange brains
  30 gelid demonspawn
  3 spatial maelstroms
  85 sun demons
  A cherub (Pan)
  3 death drakes (Depths:2)
  37 infernal demonspawn (Pan)
  3 ball lightnings (Pan)
  13 deep elf summoners
  38 deep trolls
  3 ghost moth zombies
  7 golden dragon zombies
  21 flayed ghosts
  14 storm dragon skeletons
  8 unseen horrors
  18 orc knights
  50 death scarabs
  45 harpies
  A shambling mangrove (Abyss:3)
  4 ice statues
  2 swamp dragons (shapeshifter)
  30 necromancers
  17 torturous demonspawn (Pan)
  4 kraken simulacra
  10 wolf spider zombies
  13 wizards
  5 golden dragon skeletons
  5 sphinx zombies
  31 anubis guards
  14 anaconda skeletons
  15 phantasmal warriors
  6 shadow dragon zombies
  A mana viper (shapeshifter) (Vaults:3)
  19 shadow demons
  13 iron dragon zombies
  A lindwurm (Depths:2)
  15 orb spiders
  The ghost of FedoraBrony69 the Thaumaturge, an experienced DECj of Vehumet (Bailey)
  2 deathcaps
  9 hill giants
  39 ugly things
  18 deep elf conjurers
  A harpy (shapeshifter) (Elf:3)
  21 ironbrand convokers
  38 putrid demonspawn (Pan)
  8 shadow dragon skeletons
  12 fire giant zombies
  7 mana vipers
  6 fauns (Shoals:2)
  A spectral ettin (Tomb:1)
  22 griffons
  68 sixfirhies
  A spectral ice dragon (Tomb:1)
  36 wolf spiders
  12 worldbinders
  10 stone giant zombies
  10 elephants
  12 manticores
  A sphinx skeleton (Depths:3)
  14 frost giant zombies
  A shock serpent zombie (Coc:4)
  14 salamanders
  9 iron dragon skeletons
  10 orc sorcerers
  15 shining eyes
  9 water nymphs
  12 molten gargoyles (Geh:7)
  9 stone giant skeletons
  9 hornets
  12 spiny frogs
  7 cyclopes
  11 sirens
  4 centaur zombies
  Maurice (D:15)
  11 frost giant skeletons
  27 moths of wrath
  5 titan simulacra (Coc:7)
  9 dire elephant zombies
  2 octopodes (shapeshifter)
  8 fire giant skeletons
  3 apocalypse crabs (Abyss:2)
  6 black mambas
  The ghost of FedoraBrony69 the Thaumaturge, an experienced DEWz of Kikubaaqudgha (D:6)
  68 rust devils
  A naga mage (D:15)
  13 vault sentinels
  Psyche (D:8)
  4 gargoyles
  2 shock serpent skeletons
  2 torpor snails
  6 emperor scorpion zombies
  An orange crystal statue (Vaults:4)
  6 eyes of devastation
  79 orange demons
  61 hellions
  8 dire elephant skeletons
  3 storm dragon simulacra (Coc:7)
  3 yaktaur zombies
  An iron troll zombie (Dis:2)
  73 smoke demons
  A yaktaur (shapeshifter) (Depths:4)
  21 efreet
  2 catoblepas zombies
  6 elf skeletons
  58 yaktaurs
  A spriggan skeleton (Depths:4)
  88 hellwings
  A purple draconian zombie (Zot:1)
  5 komodo dragons
  4 elf zombies
  3 tengu conjurers
  7 anaconda simulacra (Coc:7)
  An elf (shapeshifter) (Vaults:3)
  A catoblepas skeleton (Dis:3)
  21 demonic crawlers
  A yellow draconian skeleton (Crypt:2)
  A green draconian skeleton (Depths:5)
  65 tormentors
  5 yaktaur skeletons
  9 fire drakes
  A komodo dragon (shapeshifter) (Vaults:3)
  2 queen bees
  119 red devils
  15 trolls
  5 wandering mushrooms (Zot:3)
  14 ancient zymes
  A jumping spider (shapeshifter) (Vaults:5)
  2 kobold demonologists
  The ghost of FedoraBrony69 the Magician, an experienced DEFE of Vehumet (D:7)
  3 polar bears
  18 two-headed ogres
  50 blue devils
  2 queen bees (shapeshifter)
  28 deep elf priests
  44 merfolk
  52 freezing wraiths
  3 harpy zombies
  22 jumping spiders
  2 wind drakes (shapeshifter)
  A polar bear (shapeshifter) (Abyss:3)
  48 guardian mummies
  40 hydra zombies
  A wolf spider simulacrum (Tomb:1)
  A giant leech (shapeshifter) (Vaults:1)
  An iron dragon simulacrum (Coc:5)
  3 iron troll skeletons (Dis:2)
  4 silent spectres
  22 blink frogs
  Grinder (D:3)
  A baby alligator (shapeshifter) (Depths:3)
  3 harpy skeletons
  23 fire vortices
  2 trolls (shapeshifter)
  A human simulacrum (Vaults:1)
  4 wind drakes
  6 boulder beetles
  13 hydra skeletons
  23 raiju
  14 alligator zombies
  8 bog bodies (Coc:7)
  7 fire dragon zombies
  15 ettin zombies
  9 ice dragon zombies
  20 ravens
  A spectral swamp dragon (Tomb:1)
  A raven (shapeshifter) (Elf:1)
  12 trapdoor spiders
  12 ushabtiu
  116 slime creatures
  12 snapping turtles
  A blink frog (shapeshifter) (Depths:1)
  227 flying skulls
  3 black mamba zombies
  12 ettin skeletons
  36 starcursed masses
  A deep troll skeleton (Depths:3)
  48 ynoxinuls
  Sigmund (D:5)
  81 shadows
  A shock serpent simulacrum (Coc:1)
  2 basilisks
  2 wyverns
  7 alligator skeletons
  8 ice dragon skeletons
  12 chaos spawn
  2 air elementals (Depths:4)
  30 fire elementals
  19 vampires
  A yak (shapeshifter) (Vaults:5)
  2 fire giant simulacra
  20 humans
  19 tarantellas
  3 black mamba skeletons
  38 deep elf magi
  2 dire elephant simulacra
  10 fire dragon skeletons
  14 golden eyes
  54 redbacks
  5 fire bats
  52 wraiths
  43 water elementals
  39 yaks
  9 hippogriffs
  3 hogs (D:12)
  A hog (shapeshifter) (Depths:1)
  A hill giant zombie (Crypt:1)
  12 hungry ghosts
  3 harpy simulacra
  42 neqoxecs
  A mottled dragon (Vaults:2)
  A wolf (Lair:1)
  12 wargs
  9 vampire mosquitoes
  46 deep elf fighters
  21 spatial vortices
  91 hell hounds
  16 porcupines
  7 tengu skeletons
  6 deep troll zombies
  8 hydra simulacra
  81 orc warriors
  21 water moccasins
  An ice dragon simulacrum (Coc:3)
  A water moccasin (shapeshifter) (Vaults:2)
  3 swamp drakes (Depths:2)
  3 alligator simulacra
  24 spiny frog zombies
  A black bear (D:5)
  A black mamba simulacrum (Abyss:3)
  2 merfolk skeletons
  11 wasps
  11 phantoms
  29 spiders
  2 manticore zombies
  An ettin simulacrum (Coc:3)
  58 ogres
  10 spiny frog skeletons
  19 ice beasts
  20 centaurs
  4 sky beasts
  9 crocodiles
  21 eyes of draining
  2 boggarts (Vaults:2)
  2 manticore skeletons
  26 necrophages
  4 snapping turtle skeletons
  3 lost souls
  11 snapping turtle zombies
  3 swamp dragon skeletons
  4 boring beetles
  An elephant skeleton (Crypt:1)
  A blink frog skeleton (Crypt:2)
  2 gnoll sergeants
  2 brain worms (Pan)
  Blork the orc (D:5)
  16 giant frogs
  A wyvern zombie (D:12)
  An earth elemental (Abyss:2)
  A wyvern skeleton (D:14)
  An ogre simulacrum (Vaults:1)
  A salamander skeleton (Crypt:1)
  A deep troll simulacrum (Vaults:4)
  14 scorpions
  2 spiny frog simulacra
  A scorpion (shapeshifter) (Vaults:2)
  8 spriggan zombies
  8 tengu zombies
  54 killer bees
  A raiju zombie (Crypt:2)
  A swamp dragon simulacrum (Crypt:1)
  A troll skeleton (Tar:2)
  96 wights
  A manticore simulacrum (Crypt:1)
  2 electric eels (Spider:3)
  An elf simulacrum (Tomb:1)
  A wolf zombie (Crypt:1)
  A goliath beetle (D:9)
  11 quasits
  3 giant frog zombies
  A human zombie (Coc:6)
  41 orc wizards
  5 centaur skeletons
  30 jellies
  24 crimson imps
  3 hounds
  5 giant frog skeletons
  47 orc priests
  59 iron imps
  Jessica (D:2)
  7 hell rats
  A two-headed ogre zombie (Depths:4)
  7 iguanas
  Natasha (thrice) (D:2)
  A human skeleton (Tar:7)
  17 sheep
  9 worker ants
  5 ogre zombies
  2 naga zombies
  2 hound zombies
  2 naga skeletons
  A mottled dragon skeleton (Crypt:1)
  51 mummies
  2 ogre skeletons
  A hound skeleton (D:10)
  A worker ant zombie (D:7)
  50 river rats
  15 adders
  2 gnolls (Bailey)
  20 shadow imps
  42 white imps
  45 ufetubi
  An iguana zombie (Crypt:1)
  A worm (shapeshifter) (Vaults:2)
  An adder skeleton (D:9)
  An iguana skeleton (Crypt:1)
  A sheep skeleton (Crypt:2)
  3 worms
  364 orcs
  3 bat skeletons
  2 bat zombies
  4 giant cockroaches
  17 hobgoblins
  7 jackals
  29 kobolds
  5 quokkas
  A ball python (D:2)
  14 bats
  8 giant geckos
  A giant gecko skeleton (D:6)
  3 giant newts
  2 giant spores (D:7)
  31 goblins
  A jackal skeleton (D:4)
  A kobold skeleton (Coc:2)
  A kobold zombie (Geh:6)
  3 lurking horrors
  A quokka skeleton (D:7)
  A quokka zombie (D:5)
  13 rats
  2 ballistomycetes (D:7)
  4 crawling corpses (Elf:3)
  An eldritch tentacle segment (Coc:7)
  24 fungi
  2 grand avatars (Pan)
  18 plants
  A starspawn tentacle (Abyss:2)
  A starspawn tentacle segment (Abyss:2)
  6 tentacles
7872 creatures vanquished.

Vanquished Creatures (collateral kills)
  3 greater mummies
  A pandemonium lord (Pan)
  A golden dragon (Zot:2)
  4 tentacled monstrosities
  An acid blob (Slime:6)
  2 Shadow Fiends (Pan)
  An ancient champion (Crypt:3)
  2 azure jellies
  Wiglaf (Crypt:3)
  A draconian scorcher (Zot:2)
  2 iron dragons
  An orc warlord (Vaults:2)
  A draconian zealot (Zot:1)
  A war gargoyle (Crypt:3)
  An emperor scorpion (Tomb:3)
  A ghoul (Crypt:2)
  3 vault wardens
  2 reapers
  2 ironheart preservers
  A stone giant (Depths:1)
  A black draconian (Zot:2)
  A blood saint (Pan)
  A white draconian (Zot:2)
  A black sun (Pan)
  2 chaos champions (Pan)
  A purple draconian (Depths:5)
  2 ettins (Vaults:1)
  A vault guard (Vaults:4)
  A mummy priest (Tomb:2)
  A quicksilver dragon zombie (Dis:6)
  2 ice dragons
  2 jiangshi (Crypt:3)
  A monstrous demonspawn (Pan)
  A death knight (Crypt:1)
  A storm dragon zombie (Depths:3)
  2 titan skeletons
  5 skeletal warriors
  An anaconda zombie (Coc:7)
  A flayed ghost (Crypt:1)
  A shadow dragon zombie (Dis:7)
  An anaconda skeleton (Coc:7)
  A putrid demonspawn (Pan)
  An orc knight (Vaults:4)
  2 ugly things (Vaults:2)
  2 frost giant zombies
  An iron dragon zombie (Crypt:2)
  A tengu skeleton (Vaults:4)
  A shining eye (Slime:1)
  A shadow dragon skeleton (Tomb:3)
  3 moths of wrath
  A manticore (Shoals:4)
  A frost giant skeleton (Coc:1)
  2 sixfirhies (Pan)
  2 stone giant skeletons
  A dire elephant skeleton (Coc:1)
  2 yaktaurs
  An anaconda simulacrum (Coc:7)
  A guardian mummy (Tomb:2)
  A hellwing (Tomb:2)
  2 ancient zymes (Abyss:2)
  3 freezing wraiths
  4 blue devils
  A wandering mushroom (Zot:2)
  An alligator zombie (Coc:2)
  A raiju (Abyss:2)
  9 slime creatures
  A hydra skeleton (Crypt:1)
  A boulder beetle (Vaults:1)
  An ice dragon zombie (Geh:7)
  2 ravens (Depths:3)
  A snapping turtle (Shoals:5)
  An ice dragon skeleton (Tomb:2)
  4 water elementals
  2 fire dragon skeletons
  3 ynoxinuls
  5 wraiths
  3 redbacks
  4 golden eyes (Pan)
  A black mamba zombie (Crypt:3)
  A flying skull (Tomb:1)
  A neqoxec (Pan)
  A chaos spawn (Pan)
  6 large abominations
  An ogre skeleton (Depths:3)
  3 ogres
  A spider (Spider:2)
  2 necrophages
  A centaur (Vaults:1)
  2 spiny frog simulacra
  A boggart (Vaults:2)
  A brain worm (Abyss:3)
  3 small abominations
  3 killer bees
  14 wights
  4 starcursed masses
  A centaur zombie (Dis:2)
  3 jellies
  A human zombie (Dis:7)
  An orc wizard (D:13)
  A troll simulacrum (Crypt:1)
  11 mummies
  5 shadow imps
  4 white imps
  3 giant eyeballs (Pan)
  24 ufetubi
  3 orcs
  2 lurking horrors (Abyss:3)
  A crawling corpse (Elf:3)
  A starspawn tentacle (Abyss:2)
243 creatures vanquished.

Vanquished Creatures (others)
  A shard shrike (Coc:1)
  2 eldritch tentacles
  25 death scarabs
  A skeletal warrior (Tomb:2)
  A deathcap (Zot:2)
  A moth of wrath (Zot:2)
  A demonic crawler (Spider:5)
  2822 fire vortices
  A two-headed ogre (Depths:1)
  12 flying skulls
  A large abomination (Pan)
  A necrophage (Geh:7)
  5 lost souls
  A wight (Geh:6)
  2 mummies
  An ufetubus (Abyss:3)
  An orc (D:7)
  A giant spore (D:7)
  A lurking horror (Abyss:2)
  2 briar patches (Abyss:3)
  162 eldritch tentacle segments
  10 fungi
  13 plants
  A singularity (Pan)
  14 starspawn tentacles
  63 starspawn tentacle segments
  14 tentacles
  23 tentacle segments (Coc:7)
3183 creatures vanquished.

Grand Total: 11298 creatures vanquished

Notes
Turn   | Place    | Note
--------------------------------------------------------------
     0 | D:1      | FedoraBrony69, the Deep Elf Conjurer, began the quest for the Orb.
     0 | D:1      | Reached XP level 1. HP: 10/10 MP: 6/6
   113 | D:1      | Reached XP level 2. HP: 6/15 MP: 0/8
   501 | D:1      | Reached skill level 5 in Conjurations
   577 | D:1      | Reached XP level 3. HP: 19/19 MP: 0/10
  1015 | D:2      | Noticed Jessica
  1017 | D:2      | Noticed Natasha
  1018 | D:2      | Killed Jessica
  1018 | D:2      | Reached XP level 4. HP: 24/24 MP: 5/12
  1024 | D:2      | Killed Natasha
  1110 | D:2      | Noticed Natasha
  1154 | D:2      | Killed Natasha
  1264 | D:2      | Noticed Natasha
  1264 | D:2      | Killed Natasha
  1321 | D:2      | Learned a level 4 spell: Iskenderun's Mystic Blast
  1362 | D:2      | Reached skill level 5 in Spellcasting
  1710 | D:3      | Reached XP level 5. HP: 26/28 MP: 11/14
  1931 | D:3      | Learned a level 5 spell: Iskenderun's Battlesphere
  1934 | D:3      | Learned a level 2 spell: Sublimation of Blood
  1974 | D:3      | Reached skill level 6 in Conjurations
  2497 | D:3      | Reached skill level 1 in Charms
  2711 | D:4      | Reached XP level 6. HP: 32/32 MP: 9/16
  3324 | D:4      | Reached skill level 5 in Charms
  3348 | D:4      | Reached XP level 7. HP: 36/36 MP: 1/18
  4163 | D:5      | Entered Level 5 of the Dungeon
  4247 | D:5      | Reached skill level 7 in Conjurations
  4435 | D:5      | Got a scintillating lapis lazuli ring
  4557 | D:5      | Noticed Sigmund
  4561 | D:5      | Killed Sigmund
  4710 | D:5      | Noticed Blork the orc
  4713 | D:5      | Killed Blork the orc
  4713 | D:5      | Reached XP level 8. HP: 41/41 MP: 1/21
  5185 | D:6      | Noticed FedoraBrony69's ghost (experienced DEWz)
  5190 | D:6      | Killed FedoraBrony69's ghost
  5190 | D:6      | Reached skill level 8 in Spellcasting
  5366 | D:6      | Found an opulent altar of Gozag.
  5370 | D:6      | Found Gozag's Platinum Reserve.
  5370 | D:6      | Found a staircase to the Ecumenical Temple.
  5374 | Temple   | Entered the Ecumenical Temple
  5752 | D:6      | Reached skill level 9 in Spellcasting
  6007 | D:6      | Found a radiant altar of Vehumet.
  6013 | D:6      | Became a worshipper of Vehumet
  6018 | D:6      | Identified the ring of Jagiamip {rC+ MR+++ Str-3 Int+3 Stlth+} (You found it on level 5 of the Dungeon)
  6208 | D:7      | Reached XP level 9. HP: 43/45 MP: 15/24
  6443 | D:7      | Found a sparkling altar of Nemelex Xobeh.
  6443 | D:7      | Found a shimmering altar of Xom.
  6444 | D:7      | Found a white marble altar of Elyvilon.
  6789 | D:7      | Reached skill level 10 in Spellcasting
  6803 | D:7      | Noticed FedoraBrony69's ghost (experienced DEFE)
  6813 | D:7      | Killed FedoraBrony69's ghost
  6917 | D:7      | Acquired Vehumet's first power
  6917 | D:7      | Offered knowledge of Shock by Vehumet.
  7345 | D:7      | Reached skill level 10 in Conjurations
  7687 | D:7      | Learned a level 9 spell: Fire Storm
  7736 | D:8      | Reached skill level 1 in Fire Magic
  8139 | D:8      | Found Loog's Magic Scroll Shop.
  8146 | D:8      | Bought a scroll of identify for 26 gold pieces
  8146 | D:8      | Bought a scroll of blinking for 97 gold pieces
  8146 | D:8      | Bought a scroll of teleportation for 39 gold pieces
  8146 | D:8      | Bought a scroll of identify for 26 gold pieces
  8146 | D:8      | Bought a scroll of identify for 26 gold pieces
  8146 | D:8      | Bought a scroll of identify for 26 gold pieces
  8146 | D:8      | Bought a scroll of identify for 26 gold pieces
  8146 | D:8      | Bought a scroll of identify for 26 gold pieces
  8146 | D:8      | Bought a scroll of teleportation for 39 gold pieces
  8267 | D:8      | Found Hoahimpuraug's Book Shop.
  8329 | D:8      | Noticed Psyche
  8333 | D:8      | Killed Psyche
  8391 | D:8      | Reached skill level 1 in Fighting
  8391 | D:8      | Reached skill level 11 in Spellcasting
  8720 | D:9      | Found a staircase to the Orcish Mines.
  8770 | D:9      | Offered knowledge of Freeze by Vehumet.
  8815 | D:9      | Found a sacrificial altar of Ru.
  8897 | D:9      | Reached XP level 10. HP: 47/52 MP: 0/27
  9055 | D:9      | Found a sacrificial altar of Ru.
  9181 | D:9      | Found a staircase to the Lair.
  9288 | D:9      | Found a snail-covered altar of Cheibriados.
  9423 | D:8      | Reached skill level 5 in Fire Magic
  9783 | D:9      | Offered knowledge of Stone Arrow by Vehumet.
  9897 | Lair:1   | Entered Level 1 of the Lair of Beasts
  9903 | Lair:1   | Reached skill level 5 in Dodging
 10190 | Lair:1   | Acquired Vehumet's second power
 10548 | Lair:1   | Offered knowledge of Force Lance by Vehumet.
 10822 | Lair:1   | Noticed a six-headed hydra
 10827 | Lair:1   | Killed a six-headed hydra
 11574 | Lair:2   | Noticed a black mamba
 11578 | Lair:2   | Killed a black mamba
 11578 | Lair:2   | Reached XP level 11. HP: 54/60 MP: 17/28
 11627 | Lair:2   | Noticed a black mamba
 11630 | Lair:2   | Killed a black mamba
 12156 | Lair:2   | Acquired Vehumet's third power
 12804 | Lair:3   | Offered knowledge of Irradiate by Vehumet.
 12826 | Lair:3   | Reached skill level 10 in Fire Magic
 13015 | Lair:3   | Found a bloodstained altar of Trog.
 13040 | Lair:3   | Noticed a fire crab
 13045 | Lair:3   | Reached skill level 5 in Fighting
 13898 | Lair:3   | Killed a fire crab
 14063 | Lair:3   | Noticed a catoblepas
 14070 | Lair:3   | Killed a catoblepas
 14314 | Lair:4   | Reached XP level 12. HP: 69/69 MP: 18/29
 14352 | Lair:4   | Noticed FedoraBrony69's ghost (experienced DECj)
 14356 | Lair:4   | Killed FedoraBrony69's ghost
 14500 | Lair:4   | Got a transparent robe
 14511 | Lair:4   | Identified the cursed +1 robe of the Seven Places {MP+9 Str+2} (You found it on level 4 of the Lair of Beasts)
 14593 | Lair:4   | Found a staircase to the Shoals.
 15391 | Lair:5   | Found a hole to the Spider Nest.
 15534 | Lair:5   | Reached skill level 12 in Spellcasting
 15966 | Lair:4   | Learned a level 5 spell: Fireball
 16500 | Lair:5   | Reached skill level 10 in Dodging
 16502 | Lair:5   | Reached skill level 13 in Spellcasting
 16937 | Lair:6   | Found a staircase to the Slime Pits.
 16937 | Lair:6   | Found a viscous altar of Jiyva.
 17583 | Lair:6   | Reached XP level 13. HP: 74/74 MP: 30/32
 18488 | Lair:8   | Entered Level 8 of the Lair of Beasts
 18873 | Lair:7   | Reached skill level 14 in Spellcasting
 19110 | Lair:7   | Offered knowledge of Bolt of Magma by Vehumet.
 19387 | Lair:7   | Noticed Josephine
 19408 | Lair:7   | Killed Josephine
 20859 | Lair:8   | Noticed a dire elephant
 20859 | Lair:8   | Noticed a dire elephant
 20866 | Lair:8   | Noticed a dire elephant
 20867 | Lair:8   | Noticed a dire elephant
 20990 | Lair:8   | Killed a dire elephant
 21157 | Lair:8   | Killed a dire elephant
 21157 | Lair:8   | Reached XP level 14. HP: 74/80 MP: 19/34
 21388 | Lair:8   | Killed a dire elephant
 21585 | Lair:8   | Noticed a dire elephant
 21595 | Lair:8   | Killed a dire elephant
 22010 | Lair:8   | Noticed a dire elephant
 22018 | Lair:8   | Killed a dire elephant
 22285 | Lair:8   | Killed a dire elephant
 22577 | Orc:1    | Entered Level 1 of the Orcish Mines
 22579 | Orc:1    | Offered knowledge of Sticky Flame by Vehumet.
 23222 | Orc:3    | Found Ipsat's Book Shop.
 23222 | Orc:3    | Noticed an orc warlord
 23441 | Orc:2    | Killed an orc warlord
 23577 | Orc:2    | Reached skill level 15 in Spellcasting
 23818 | Orc:3    | Bought a book of Enchantments for 550 gold pieces
 23825 | Orc:3    | Learned a level 6 spell: Deflect Missiles
 23832 | Orc:3    | Learned a level 6 spell: Haste
 24024 | Orc:3    | Found a roughly hewn altar of Beogh.
 24157 | Orc:3    | Found a staircase to the Elven Halls.
 24274 | Orc:2    | Reached skill level 1 in Air Magic
 25063 | Orc:1    | Found a roughly hewn altar of Beogh.
 25072 | Orc:1    | Offered knowledge of Ozocubu's Refrigeration by Vehumet.
 25184 | Orc:1    | Found a roughly hewn altar of Beogh.
 25419 | Orc:4    | Entered Level 4 of the Orcish Mines
 26773 | Orc:4    | Offered knowledge of Iron Shot by Vehumet.
 26946 | Orc:4    | Noticed an orc warlord
 27448 | Orc:4    | Killed an orc warlord
 27448 | Orc:4    | Reached skill level 15 in Fire Magic
 27460 | Orc:4    | Found a roughly hewn altar of Beogh.
 27823 | Orc:4    | Found Viebirup's Jewellery Shoppe.
 28198 | Orc:4    | Found Oratril's Distillery.
 28214 | Orc:4    | Bought a potion of heal wounds for 65 gold pieces
 28214 | Orc:4    | Bought a potion of poison for 13 gold pieces
 28214 | Orc:4    | Bought 2 potions of curing for 78 gold pieces
 28712 | Orc:4    | Found a roughly hewn altar of Beogh.
 28906 | Orc:4    | Found Meig's Book Emporium.
 28929 | Orc:4    | Offered knowledge of Delayed Fireball by Vehumet.
 28982 | Orc:4    | Found Zarrenekub's Antique Armour Shoppe.
 28995 | Orc:4    | Bought a runed hat for 112 gold pieces
 28995 | Orc:4    | Bought a warped robe for 159 gold pieces
 29005 | Orc:4    | Identified the +1 robe of the Big Bang {Regen+ Int+2} (You bought it in a shop on level 4 of the Orcish Mines)
 29452 | Orc:4    | Learned a level 7 spell: Delayed Fireball
 30144 | Elf:1    | Entered Level 1 of the Elven Halls
 30168 | Elf:1    | Found a flickering gateway to a bazaar.
 30178 | Bazaar   | Entered a bazaar
 30197 | Bazaar   | Found Voxke's Magic Scroll Emporium.
 30208 | Bazaar   | Found Yqetsem's Magic Scroll Emporium.
 30235 | Bazaar   | Found Nasmirch's General Store.
 30251 | Bazaar   | Found Siug's Food Shoppe.
 30308 | Bazaar   | Bought a scroll of identify for 36 gold pieces
 30329 | Bazaar   | Bought a scroll of identify for 22 gold pieces
 30329 | Bazaar   | Bought a scroll of identify for 22 gold pieces
 30329 | Bazaar   | Bought a scroll of remove curse for 33 gold pieces
 30338 | Bazaar   | Bought a scroll of remove curse for 33 gold pieces
 30338 | Bazaar   | Bought a scroll of identify for 22 gold pieces
 30338 | Bazaar   | Bought a scroll of blinking for 82 gold pieces
 30338 | Bazaar   | Bought a scroll of remove curse for 33 gold pieces
 30447 | Elf:1    | Reached XP level 15. HP: 84/84 MP: 32/36
 30475 | Elf:1    | Reached skill level 15 in Conjurations
 30601 | Elf:1    | Noticed Aizul
 30617 | Elf:1    | Killed Aizul
 30657 | Elf:1    | Gained mutation: You are partially covered in slimy green scales (AC +2). [mutagenic meat]
 30658 | Elf:1    | Gained mutation: Your mind is acute. (Int +2) [mutagenic meat]
 31465 | Elf:1    | Reached skill level 1 in Shields
 32157 | Elf:1    | Reached skill level 16 in Spellcasting
 32491 | Elf:1    | Offered knowledge of Spellforged Servitor by Vehumet.
 32783 | Elf:2    | Found Noduipom's General Store.
 33355 | Elf:2    | Found a huge runed gate.
 33355 | Elf:2    | Found a huge runed gate.
 33355 | Elf:2    | Found a huge runed gate.
 33355 | Elf:2    | Found a huge runed gate.
 33355 | Elf:2    | Found a huge runed gate.
 34377 | Elf:2    | Reached XP level 16. HP: 88/88 MP: 16/38
 34831 | Elf:2    | Reached skill level 5 in Shields
 35141 | Elf:2    | Reached skill level 1 in Necromancy
 35309 | Elf:3    | Entered Level 3 of the Elven Halls
 35320 | Elf:3    | Reached skill level 17 in Conjurations
 35320 | Elf:3    | Reached XP level 17. HP: 93/93 MP: 34/39
 35327 | Elf:3    | Found a shimmering altar of Xom.
 35372 | Elf:3    | Noticed Louise
 35395 | Elf:3    | Gained mutation: Armour fits poorly on your strangely shaped body. [mutagenic glow]
 35520 | Elf:2    | Gained mutation: You are robust (+10% HP). [potion of mutation]
 35520 | Elf:2    | Lost mutation: You are robust (+10% HP). [potion of mutation]
 35520 | Elf:2    | Gained mutation: You occasionally shout uncontrollably at your foes. [potion of mutation]
 35521 | Elf:2    | Lost mutation: Armour fits poorly on your strangely shaped body. [potion of cure mutation]
 35521 | Elf:2    | Lost mutation: Your mind is acute. (Int +2) [potion of cure mutation]
 35521 | Elf:2    | Lost mutation: You occasionally shout uncontrollably at your foes. [potion of cure mutation]
 35521 | Elf:2    | Lost mutation: You are partially covered in slimy green scales (AC +2). [potion of cure mutation]
 35766 | Orc:3    | Bought Wiaciv's Papyrus of Absence for 590 gold pieces
 35774 | Orc:3    | Learned a level 7 spell: Orb of Destruction
 35845 | Orc:4    | Offered knowledge of Conjure Ball Lightning by Vehumet.
 35994 | Orc:4    | Bought a +3 ring of intelligence for 235 gold pieces
 36213 | Shoals:1 | Entered Level 1 of the Shoals
 36213 | Shoals:1 | Found Pierula's Book Shop.
 37852 | Shoals:2 | Reached skill level 18 in Fire Magic
 40407 | Elf:3    | Reached XP level 18. HP: 98/98 MP: 34/41
 40598 | Elf:3    | Noticed a deep elf master archer
 40604 | Elf:3    | Killed a deep elf master archer
 41077 | Elf:3    | Killed Louise
 41354 | Elf:3    | Noticed a deep elf blademaster
 41357 | Elf:3    | Killed a deep elf blademaster
 41814 | Elf:3    | Reached skill level 19 in Conjurations
 42279 | Elf:3    | Offered knowledge of Glaciate by Vehumet.
 42279 | Elf:3    | Offered knowledge of Shatter by Vehumet.
 42279 | Elf:3    | Offered knowledge of Tornado by Vehumet.
 42305 | Elf:3    | Noticed a deep elf blademaster
 42709 | Elf:3    | Killed a deep elf blademaster
 43247 | Elf:3    | Got an ancient jade ring
 43671 | Lair:1   | Identified the ring of Ipahott {+/*Tele Dex+4 Slay+3} (You found it on level 3 of the Elven Halls)
 43797 | Orc:3    | Bought a book of Minor Magic for 220 gold pieces
 43800 | Orc:3    | Learned a level 2 spell: Blink
 44081 | Elf:3    | Got a bloodstained chain mail
 44109 | Elf:3    | Got a polished scale mail
 44144 | Elf:3    | Got a crude scale mail
 44164 | Elf:3    | Got a warped hunting sling
 44510 | Shoals:1 | Reached skill level 1 in Translocations
 44831 | Shoals:3 | Found a shattered altar of Ashenzari.
 45728 | Shoals:4 | Found Codaf's Food Shop.
 45794 | Shoals:4 | Identified the +6 scale mail of Unoin {-Tele Int+4 Stlth+} (You found it on level 3 of the Elven Halls)
 45804 | Shoals:4 | Identified the +5 scale mail of Diuz {MR+} (You took it off a deep elf priest on level 3 of the Elven Halls)
 46192 | Shoals:4 | Reached XP level 19. HP: 105/105 MP: 24/42
 46967 | Shoals:5 | Entered Level 5 of the Shoals
 46970 | Shoals:5 | Found Gicvitz's Magic Scroll Boutique.
 46979 | Shoals:5 | Bought a scroll of blinking for 97 gold pieces
 46979 | Shoals:5 | Bought a scroll of identify for 26 gold pieces
 47141 | Shoals:5 | Reached skill level 5 in Translocations
 47713 | Shoals:5 | Found Qudghor's Distillery.
 47722 | Shoals:5 | Bought a potion of magic for 104 gold pieces
 47860 | Shoals:5 | Noticed Ilsuiw
 48026 | Shoals:5 | Found Ossuxieki's Armour Emporium.
 48099 | Shoals:5 | Found Dygaot's Assorted Antiques.
 48105 | Shoals:5 | Identified a scroll of acquirement
 48108 | Shoals:5 | Got an ancient flail
 48115 | Shoals:5 | Bought a glowing cloak for 94 gold pieces
 48115 | Shoals:5 | Bought a scroll labeled LYNTEA XAYRIUT for 21 gold pieces
 48115 | Shoals:5 | Bought a scroll labeled WIOTYDD WACSE for 21 gold pieces
 48115 | Shoals:5 | Bought a scroll of identify for 42 gold pieces
 48148 | Shoals:5 | Identified the +8 flail of the Lesser Evil {elec, Contam rElec rF+ Dex+6} (You took it off a merfolk on level 5 of the Shoals)
 48427 | Shoals:5 | Gained mutation: You can breathe flames. [potion of beneficial mutation]
 48492 | Shoals:5 | Killed Ilsuiw
 48738 | Shoals:5 | Reached skill level 20 in Conjurations
 49092 | Lair:1   | Identified the cursed +1 chain mail of Gravity {+Fly} (You took it off a deep elf priest on level 3 of the Elven Halls)
 49092 | Lair:1   | Identified the +5 hunting sling of Blood-Lust {freeze, Int+4} (You found it on level 3 of the Elven Halls)
 49492 | Shoals:5 | Got a barnacled rune of Zot
 50148 | D:10     | Entered Level 10 of the Dungeon
 50923 | D:11     | Noticed DDCT's ghost (powerful DECj)
 50925 | D:11     | Killed DDCT's ghost
 51420 | D:11     | Got a transparent leather armour
 51434 | D:11     | Got a transparent war axe
 51436 | D:11     | Identified the +7 war axe of Hier {chop, rN+ Int+3} (You found it on level 11 of the Dungeon)
 51698 | D:11     | Upgraded the game from 0.17-a0-725-gfa8c127 to 0.17-a0-733-g278f07a
 51702 | D:11     | Got a warped leather armour
 51703 | D:11     | Identified the +2 leather armour "Polumn" {+Blink rC+++ Int+2 Dex-3} (You found it on level 11 of the Dungeon)
 51716 | D:11     | Identified the cursed +1 leather armour of the Sea {MR- MP+9 Int+4 SInv} (You found it on level 11 of the Dungeon)
 52061 | D:12     | Found a flagged portal.
 52206 | Bailey   | Entered a bailey
 52220 | Bailey   | Noticed FedoraBrony69's ghost (experienced DECj)
 52221 | Bailey   | Killed FedoraBrony69's ghost
 52221 | Bailey   | Reached skill level 1 in Armour
 52283 | Bailey   | Got a fine halberd
 52385 | Bailey   | Found an iron altar of Okawaru.
 52578 | D:12     | Noticed Kirke
 52581 | D:12     | Killed Kirke
 52992 | Spider:1 | Entered Level 1 of the Spider Nest
 55576 | Spider:3 | Reached skill level 5 in Armour
 55715 | Spider:3 | Noticed Arachne
 55734 | Spider:3 | Killed Arachne
 55771 | Spider:3 | Reached XP level 20. HP: 112/112 MP: 19/44
 56357 | Spider:4 | Reached skill level 10 in Translocations
 57063 | Spider:5 | Entered Level 5 of the Spider Nest
 57328 | Spider:5 | Gained mutation: Potions and wands are less effective at restoring your health. [mutagenic meat]
 57329 | Spider:5 | Gained mutation: Your mind is acute. (Int +2) [mutagenic meat]
 57330 | Spider:5 | Lost mutation: You can breathe flames. [mutagenic meat]
 57331 | Spider:5 | Gained mutation: Your spells are a little easier to cast, but a little less powerful. [mutagenic meat]
 57333 | Spider:5 | Gained mutation: Your muscles are strong. (Str +2) [mutagenic meat]
 57575 | Lair:1   | Lost mutation: Your mind is acute. (Int +2) [potion of cure mutation]
 57575 | Lair:1   | Lost mutation: Your muscles are strong. (Str +2) [potion of cure mutation]
 57575 | Lair:1   | Lost mutation: Potions and wands are less effective at restoring your health. [potion of cure mutation]
 57575 | Lair:1   | Lost mutation: Your spells are a little easier to cast, but a little less powerful. [potion of cure mutation]
 58175 | Spider:4 | Learned a level 7 spell: Controlled Blink
 59781 | Spider:5 | Got a gossamer rune of Zot
 60716 | D:13     | Found a gate to the Vaults.
 60839 | D:13     | Found a stormy altar of Qazlal.
 60843 | D:13     | Noticed Maurice
 61774 | D:14     | Noticed Maud
 61781 | D:14     | Killed Maud
 61975 | D:15     | Entered Level 15 of the Dungeon
 62028 | D:15     | Killed Maurice
 62289 | D:15     | Found a staircase to the Depths.
 63351 | Lair:1   | Upgraded the game from 0.17-a0-733-g278f07a to 0.17-a0-743-g552e03a
 63543 | Vaults:1 | Entered Level 1 of the Vaults
 63550 | Vaults:1 | Reached skill level 5 in Necromancy
 63766 | Vaults:1 | Reached XP level 21. HP: 92/118 MP: 34/47
 64713 | Vaults:1 | Got a steaming jade ring
 64727 | Vaults:1 | Identified Sif Muna's Reference Book on Enchantment
 64763 | Vaults:1 | Identified Sif Muna's Papyrus of Unholy Rites and Snow (You found it on level 1 of the Vaults)
 64885 | Vaults:1 | Identified the ring of Miwas {rF+ Int+3} (You took it off a vampire mage on level 1 of the Vaults)
 64991 | Vaults:1 | Noticed Nikola
 64994 | Vaults:1 | Killed Nikola
 64994 | Vaults:1 | Reached skill level 21 in Conjurations
 65661 | Vaults:2 | Found Sad Zecs's Armour Emporium.
 65694 | Vaults:2 | Noticed Xtahua
 65774 | Vaults:2 | Killed Xtahua
 66006 | Vaults:2 | Found Ohasoxotig's Gadget Emporium.
 66195 | Vaults:2 | Reached skill level 10 in Necromancy
 67017 | Vaults:2 | Found an iron altar of Okawaru.
 67054 | Vaults:2 | Found Risirov's Armour Shoppe.
 67170 | Vaults:2 | Found Bodul's Jewellery Boutique.
 67391 | Vaults:2 | Found a staircase to the Crypt.
 67642 | Vaults:2 | Found Wiedamm's Assorted Antiques.
 67648 | Vaults:2 | Bought a bone wand for 112 gold pieces
 67648 | Vaults:2 | Bought a forked lead wand for 112 gold pieces
 67902 | Vaults:3 | Found Lika Wus's Jewellery Shop.
 68043 | Vaults:3 | Reached XP level 22. HP: 127/127 MP: 38/48
 68670 | Vaults:3 | Reached skill level 10 in Fighting
 69069 | Vaults:3 | Reached skill level 22 in Conjurations
 70112 | Vaults:4 | Found a gateway to a bazaar.
 70123 | Bazaar   | Entered a bazaar
 70123 | Bazaar   | Found Mohoduah's Armour Emporium.
 70128 | Bazaar   | Found Itica's Antique Weapon Shop.
 70149 | Bazaar   | Found Vullew's Distillery.
 70155 | Bazaar   | Found Vaughon's Antique Armour Shoppe.
 70157 | Bazaar   | Bought a potion of magic for 88 gold pieces
 70157 | Bazaar   | Bought a potion of magic for 88 gold pieces
 70164 | Bazaar   | Found Guuryta's Jewellery Emporium.
 70198 | Bazaar   | Bought an uncursed amulet of regeneration for 600 gold pieces
 70349 | Vaults:4 | Got a pitted trident
 70608 | Vaults:4 | Reached skill level 15 in Dodging
 71669 | Lair:1   | Identified the +9 trident of Tigem {drain, rElec} (You found it on level 4 of the Vaults)
 72016 | Crypt:1  | Entered Level 1 of the Crypt
 72777 | Crypt:1  | Reached skill level 15 in Necromancy
 73003 | Crypt:1  | Reached skill level 23 in Conjurations
 73161 | Crypt:1  | Reached XP level 23. HP: 133/133 MP: 40/49
 73825 | Crypt:2  | Noticed Margery
 73828 | Crypt:2  | Killed Margery
 75082 | Crypt:3  | Entered Level 3 of the Crypt
 76184 | Crypt:3  | Noticed Mennas
 76648 | Crypt:3  | Killed Mennas
 76653 | Crypt:3  | Noticed an ancient lich
 76655 | Crypt:3  | Killed an ancient lich
 77039 | Crypt:3  | Noticed Wiglaf
 77039 | Crypt:3  | Killed Wiglaf
 77041 | Crypt:3  | Killed the ghostly Wiglaf
 77699 | Crypt:3  | Found a staircase to the Tomb.
 77808 | Crypt:3  | Found an ancient bone altar of Kikubaaqudgha.
 77851 | Crypt:3  | Got a shimmering platinum ring
 77871 | Crypt:3  | Identified the ring of Qijyxino {Wiz rN+} (You found it on level 3 of the Crypt)
 78356 | Lair:1   | Learned a level 2 spell: Stoneskin
 78357 | Lair:1   | Identified a +6 rod of shadows (9/9) (You found it on level 3 of the Crypt)
 78396 | Lair:1   | Learned a level 8 spell: Lehudib's Crystal Spear
 78878 | Vaults:2 | Bought the ring "Viro" {rF+ MP+9 Int+6} for 624 gold pieces
 78982 | Vaults:5 | Entered Level 5 of the Vaults
 78983 | Vaults:5 | Reached skill level 1 in Earth Magic
 78983 | Vaults:5 | Reached skill level 1 in Transmutations
 78983 | Vaults:5 | Reached XP level 24. HP: 139/139 MP: 50/50
 79019 | Vaults:5 | Reached skill level 5 in Transmutations
 79696 | Vaults:5 | Noticed Saint Roka
 79882 | Vaults:5 | Killed Saint Roka
 79882 | Vaults:5 | Reached skill level 5 in Earth Magic
 79933 | Vaults:5 | Got a steaming lead amulet
 80271 | Vaults:5 | Got a silver rune of Zot
 80325 | Vaults:5 | Got a twitching amethyst amulet
 81243 | Vaults:5 | Got a translucent falchion
 81250 | Vaults:5 | Identified the amulet of the Queen {+Rage rC+ rN+ Int+4} (You took it off an ironbrand convoker on level 5 of the Vaults)
 81251 | Vaults:5 | Identified the amulet "Xuvoapro" {rF+++ MR+ Regen+ MP+9 Int-3} (You took it off an ogre mage on level 5 of the Vaults)
 81277 | Vaults:5 | Identified the +2 falchion "Doclo" {drain, rPois rF- Int+4} (You found it on level 5 of the Vaults)
 81344 | Vaults:5 | Got a fine whip
 81844 | Lair:1   | Identified Iskenderun's Tome of Conjuration (You acquired it on level 1 of the Lair of Beasts)
 81854 | Lair:1   | Identified the +6 whip of Lugonu's Delight {distort, rC+} (You found it on level 5 of the Vaults)
 81930 | Lair:1   | Learned a level 3 spell: Regeneration
 82384 | Tomb:1   | Entered Level 1 of the Tomb of the Ancients
 82535 | Tomb:1   | Reached XP level 25. HP: 146/146 MP: 29/51
 82569 | Tomb:1   | Noticed Jory
 82572 | Tomb:1   | Killed Jory
 82801 | Tomb:1   | Noticed a greater mummy
 82802 | Tomb:1   | Killed a greater mummy
 82853 | Tomb:1   | Reached skill level 10 in Transmutations
 82896 | Tomb:1   | Noticed a greater mummy
 82897 | Tomb:1   | Killed a greater mummy
 84318 | Tomb:1   | Noticed a greater mummy
 84318 | Tomb:1   | Noticed a greater mummy
 84319 | Tomb:1   | Noticed a greater mummy
 84320 | Tomb:1   | Killed a greater mummy
 84321 | Tomb:1   | Killed a greater mummy
 84323 | Tomb:1   | Killed a greater mummy
 84325 | Tomb:1   | Killed a greater mummy
 84333 | Tomb:1   | Noticed a greater mummy
 84335 | Tomb:1   | Killed a greater mummy
 84347 | Tomb:1   | Noticed a greater mummy
 84350 | Tomb:1   | Noticed a greater mummy
 84465 | Tomb:1   | Noticed a greater mummy
 84471 | Tomb:2   | Killed a greater mummy
 84655 | Tomb:1   | Noticed a greater mummy
 84660 | Tomb:1   | Killed a greater mummy
 84660 | Tomb:1   | Killed a greater mummy
 84660 | Tomb:1   | Killed a greater mummy
 84660 | Tomb:1   | Reached skill level 24 in Conjurations
 84781 | Tomb:1   | Noticed a greater mummy
 84787 | Tomb:1   | Killed a greater mummy
 84802 | Tomb:1   | Noticed a greater mummy
 84803 | Tomb:1   | Killed a greater mummy
 85063 | Tomb:1   | Noticed a greater mummy
 85065 | Tomb:1   | Killed a greater mummy
 85076 | Tomb:1   | Noticed a greater mummy
 85079 | Tomb:1   | Killed a greater mummy
 85079 | Tomb:1   | Reached XP level 26. HP: 92/145 MP: 49/52
 85082 | Tomb:1   | Noticed a greater mummy
 85084 | Tomb:1   | Killed a greater mummy
 85277 | Tomb:1   | Noticed a greater mummy
 85280 | Tomb:1   | Killed a greater mummy
 85286 | Tomb:1   | Noticed a greater mummy
 85289 | Tomb:1   | Killed a greater mummy
 85555 | Tomb:1   | Noticed a greater mummy
 85557 | Tomb:1   | Killed a greater mummy
 85558 | Tomb:1   | Noticed a greater mummy
 85558 | Tomb:1   | Killed a greater mummy
 85568 | Tomb:1   | Noticed a greater mummy
 85571 | Tomb:1   | Killed a greater mummy
 85598 | Tomb:1   | Noticed a greater mummy
 85602 | Tomb:1   | Killed a greater mummy
 85603 | Tomb:1   | Noticed a greater mummy
 85609 | Tomb:1   | Killed a greater mummy
 85611 | Tomb:1   | Noticed a greater mummy
 85613 | Tomb:1   | Killed a greater mummy
 85792 | Tomb:1   | Noticed a greater mummy
 85795 | Tomb:1   | Noticed a greater mummy
 85795 | Tomb:1   | Killed a greater mummy
 85861 | Tomb:1   | Killed a greater mummy
 86182 | Tomb:1   | Noticed a greater mummy
 86185 | Tomb:1   | Killed a greater mummy
 86266 | Tomb:1   | Noticed a greater mummy
 86270 | Tomb:1   | Killed a greater mummy
 86320 | Tomb:2   | Reached skill level 15 in Transmutations
 86503 | Tomb:3   | Entered Level 3 of the Tomb of the Ancients
 86722 | Tomb:3   | Killed Jorgrun
 87141 | Tomb:3   | Noticed Mara
 87142 | Tomb:3   | Killed Mara
 87258 | Tomb:3   | Identified the Incunabulum of the Entourage and the Compass (You found it on level 3 of the Tomb of the Ancients)
 87322 | Tomb:3   | Got an ancient wooden ring
 87342 | Tomb:3   | Identified the cursed ring of Odyseal {rN+ EV-2 Str+2} (You found it on level 3 of the Tomb of the Ancients)
 87391 | Tomb:3   | Got a crude mace
 87393 | Tomb:3   | Identified the +5 mace of the Hummingbird {antimagic, rN+ MR+ Dex-5} (You found it on level 3 of the Tomb of the Ancients)
 87396 | Tomb:3   | Got a transparent ring mail
 87407 | Tomb:3   | Identified the +1 ring mail "Fehi Seff" {+Fly Regen+ Dex-3} (You found it on level 3 of the Tomb of the Ancients)
 87500 | Tomb:3   | Reached XP level 27. HP: 110/151 MP: 24/52
 87508 | Tomb:3   | Noticed an ancient lich
 87511 | Tomb:3   | Killed an ancient lich
 87827 | Tomb:3   | Got a golden rune of Zot
 89023 | Slime:1  | Entered Level 1 of the Pits of Slime
 89055 | Slime:1  | Upgraded the game from 0.17-a0-743-g552e03a to 0.17-a0-744-gaa96792
 89324 | Temple   | Fell from the grace of Vehumet
 89324 | Temple   | Became a worshipper of Kikubaaqudgha
 89776 | Slime:2  | Found a glowing golden altar of the Shining One.
 89914 | Slime:2  | Gained mutation: You are clumsy. (Dex -2) [a shining eye]
 90398 | Slime:1  | Acquired Kikubaaqudgha's first power
 90398 | Slime:1  | Received a gift from Kikubaaqudgha
 90401 | Slime:1  | Identified Kikubaaqudgha's Handbook of Evil Rituals (Kikubaaqudgha gifted it to you on level 1 of the Pits of Slime)
 90829 | Slime:4  | Acquired Kikubaaqudgha's second power
 90832 | Slime:4  | Reached skill level 5 in Stealth
 91371 | Slime:3  | Received a gift from Kikubaaqudgha
 91385 | Slime:3  | Identified Kikubaaqudgha's Reference Book on Evil (Kikubaaqudgha gifted it to you on level 3 of the Pits of Slime)
 92042 | Slime:5  | Noticed Dissolution
 92045 | Slime:5  | Killed Dissolution
 92381 | Slime:4  | Reached skill level 25 in Conjurations
 92672 | Slime:6  | Entered Level 6 of the Pits of Slime
 92736 | Slime:6  | Acquired Kikubaaqudgha's third power
 92862 | Slime:6  | Noticed the royal jelly
 92870 | Slime:6  | Killed the royal jelly
 93328 | Slime:6  | Identified the Collected Works on Calling
 93361 | Slime:6  | Got a slimy rune of Zot
 93384 | Slime:6  | Got a translucent arbalest
 93409 | Slime:6  | Got a translucent flail
 93417 | Slime:6  | Got a pitted glass ring
 94453 | Lair:1   | Identified the cursed +0 arbalest of Doom {velocity, rPois rC+ Dex+4} (You found it on level 6 of the Pits of Slime)
 94454 | Lair:1   | Identified the +4 flail of Onloptac {antimagic, Noisy rC+ Int+7 SInv} (You found it on level 6 of the Pits of Slime)
 94456 | Lair:1   | Identified the ring of Surprise {rF+ MR+ Str+3} (You found it on level 6 of the Pits of Slime)
 94490 | Lair:1   | Identified a +2 rod of clouds (10/10) (You found it on level 6 of the Pits of Slime)
 94722 | Depths:1 | Entered Level 1 of the Depths
 94724 | Depths:1 | Reached skill level 15 in Fighting
 94872 | Depths:1 | Acquired Kikubaaqudgha's fourth power
 94992 | Depths:1 | Found a one-way gate leading to the halls of Pandemonium.
 95016 | Depths:1 | Gained mutation: Your system is resistant to poisons. [mutagenic meat]
 95017 | Depths:1 | Gained mutation: Your spells are a little harder to cast, but a little more powerful. [mutagenic meat]
 95018 | Depths:1 | Gained mutation: Your natural rate of healing is unusually fast. [mutagenic meat]
 95019 | Depths:1 | Gained mutation: Potions and wands are less effective at restoring your health. [mutagenic meat]
 95020 | Depths:1 | Gained mutation: You passively map a small area around you. [mutagenic meat]
 95021 | Depths:1 | Gained mutation: You have a pair of small antennae on your head. [mutagenic meat]
 95381 | Lair:1   | Lost mutation: You have a pair of small antennae on your head. [potion of cure mutation]
 95381 | Lair:1   | Lost mutation: You are clumsy. (Dex -2) [potion of cure mutation]
 95381 | Lair:1   | Lost mutation: Your system is resistant to poisons. [potion of cure mutation]
 95384 | Lair:1   | Gained mutation: You are agile. (Dex +2) [potion of beneficial mutation]
 95841 | Depths:1 | Found a sparkling altar of Nemelex Xobeh.
 95911 | Depths:1 | Reached skill level 10 in Armour
 95932 | Depths:1 | Found a gateway to Hell.
 96885 | Depths:2 | Found a one-way gate to the infinite horrors of the Abyss.
 97195 | Depths:2 | Noticed chequers's ghost (mighty FoFi)
 97197 | Depths:2 | Killed chequers's ghost
 97401 | Depths:2 | Found a runed door.
 97442 | Depths:2 | Got an amber-encrusted crystal plate armour
 97450 | Depths:2 | Identified the +9 crystal plate armour of Marbles {rF+ MR- Str+11} (You found it on level 2 of the Depths)
 97971 | Depths:2 | Got an ichor-stained chain mail
 98156 | Depths:3 | Learned a level 2 spell: Swiftness
 98172 | Depths:3 | Noticed Norris
 98175 | Depths:3 | Killed Norris
 98373 | D:14     | Was forgiven by Vehumet
 98632 | Temple   | Received a gift from Kikubaaqudgha
 98645 | Temple   | Learned a level 8 spell: Necromutation
 98711 | D:6      | Fell from the grace of Kikubaaqudgha
 98711 | D:6      | Became a worshipper of Vehumet
 99039 | Lair:1   | Identified the cursed +1 chain mail of Nippo {rF+ Str+8 Int-5 Stlth-} (You found it on level 2 of the Depths)
 99075 | Lair:1   | Got a pair of warped gloves
 99086 | Lair:1   | Identified the +1 pair of gloves of the Elven Halls {rCorr} (You acquired it on level 1 of the Lair of Beasts)
100010 | Depths:3 | Noticed Sojobo
100015 | Depths:3 | Killed Sojobo
100597 | Depths:2 | Upgraded the game from 0.17-a0-744-gaa96792 to 0.17-a0-746-g953d9fb
100842 | Depths:3 | Found a runed door.
101460 | Depths:3 | Got a flickering silver ring
101786 | Depths:3 | Reached skill level 1 in Evocations
102633 | Depths:3 | Got a fine scythe
102635 | Depths:3 | Got a faintly humming chain mail
102730 | Depths:3 | Got a fine gossamer ring
102788 | Depths:3 | Identified Ojaesh's Reference Book on Arcane Weapons and Heat
103418 | Depths:4 | Reached skill level 5 in Evocations
103825 | Depths:4 | Found a gateway to a ziggurat.
104622 | Depths:4 | Identified the +6 scythe "Zeat" {drain, Noisy rPois rN+++ SInv} (You found it on level 3 of the Depths)
104635 | Depths:4 | Identified the +6 chain mail "Xoisatoi" {Str+2 Dex+2} (You found it on level 3 of the Depths)
104667 | Depths:4 | Identified the ring "Jefarebb" {AC+1 Int+5} (You found it on level 3 of the Depths)
104669 | Depths:4 | Identified the ring "Pauch" {rElec rN+ SInv} (You took it off a frost giant on level 3 of the Depths)
104724 | Depths:5 | Entered Level 5 of the Depths
105685 | Depths:5 | Found a gate to the Realm of Zot.
105689 | Depths:5 | Lost strength.
107246 | Orc:3    | Bought a book of Dreams for 825 gold pieces
107253 | Orc:3    | Learned a level 5 spell: Phase Shift
107595 | Depths:2 | Voluntarily entered the Abyss.
107595 | Abyss:1  | Found a corrupted altar of Lugonu.
107598 | Abyss:1  | Found a roughly hewn altar of Beogh.
107751 | Abyss:2  | Got a dazzling rapier
108187 | Abyss:2  | Was forgiven by Kikubaaqudgha
108998 | Abyss:3  | Reached skill level 10 in Evocations
109173 | Abyss:3  | Reached skill level 15 in Armour
109344 | Abyss:3  | Got an abyssal rune of Zot
109380 | Abyss:3  | Found a corrupted altar of Lugonu.
109710 | Depths:2 | Escaped the Abyss
109715 | Depths:2 | Identified the cursed +1 rapier "Jalur" {speed, MR+ Dex+2} (You found it on level 2 of the Abyss)
109723 | Depths:2 | Got a transparent crystal plate armour
109727 | Depths:2 | Got a translucent buckler
109738 | Depths:2 | Identified the +0 buckler "Beufeuc" {Dex+2} (You acquired it on level 2 of the Depths)
109748 | Depths:2 | Identified the +1 crystal plate armour of Devotion {MR+ MP+9} (You acquired it on level 2 of the Depths)
110033 | Lair:1   | Learned a level 3 spell: Ozocubu's Armour
110323 | Pan      | Entered Pandemonium
110344 | Pan      | Noticed Izull the pandemonium lord
110347 | Pan      | Killed Izull the pandemonium lord
110444 | Pan      | Got a demonic rune of Zot
110880 | Pan      | Found an exit through the horrors of the Abyss.
111431 | Pan      | Noticed Qiodwygg the pandemonium lord
111431 | Pan      | Killed Qiodwygg the pandemonium lord
111537 | Pan      | Found an exit through the horrors of the Abyss.
111736 | Pan      | Entered the realm of Lom Lobon.
111980 | Pan      | Found an exit through the horrors of the Abyss.
112246 | Pan      | Noticed Lom Lobon
112271 | Pan      | Killed Lom Lobon
112358 | Pan      | Got a magical rune of Zot
112855 | Pan      | Got a jewelled hand crossbow
112877 | Pan      | Got a wavering lapis lazuli ring
112953 | Pan      | Found an exit through the horrors of the Abyss.
112955 | Pan      | Got a twisted great mace
113267 | Pan      | Reached skill level 10 in Earth Magic
113684 | Pan      | Identified the ring of Kylipe {+Fly Str+3 Int-5 Dex+2 Slay-4} (You found it in Pandemonium)
113695 | Pan      | Identified the +5 hand crossbow of Okawaru {penet, rN+ Str+3} (You found it in Pandemonium)
113696 | Pan      | Identified the +5 great mace of Income {freeze, Int+3} (You found it in Pandemonium)
113710 | Pan      | Noticed Ciame the pandemonium lord
113712 | Pan      | Killed Ciame the pandemonium lord
113768 | Pan      | Found an exit through the horrors of the Abyss.
113818 | Pan      | Got a bloodstained long sword
114634 | Pan      | Reached skill level 10 in Shields
114847 | Pan      | Found an exit through the horrors of the Abyss.
115012 | Pan      | Noticed Yclag the pandemonium lord
115017 | Pan      | Killed Yclag the pandemonium lord
115341 | Pan      | Reached skill level 26 in Spellcasting
115836 | Pan      | Noticed Pomahoj the pandemonium lord
115856 | Pan      | Killed Pomahoj the pandemonium lord
116334 | Pan      | Found an exit through the horrors of the Abyss.
116525 | Pan      | Identified the +11 long sword of a Thousand Songs {speed, rN+ Str+2 Dex+4} (You found it in Pandemonium)
116819 | Pan      | Noticed Igexy the pandemonium lord
116822 | Pan      | Killed Igexy the pandemonium lord
117420 | Pan      | Found an exit through the horrors of the Abyss.
117907 | Pan      | Found an exit through the horrors of the Abyss.
117957 | Pan      | Noticed Keis the pandemonium lord
117958 | Pan      | Killed Keis the pandemonium lord
118070 | Pan      | Got a steaming hunting sling
119169 | Pan      | Noticed Zigeunaw the pandemonium lord
119174 | Pan      | Killed Zigeunaw the pandemonium lord
119373 | Pan      | Found an exit through the horrors of the Abyss.
119620 | Pan      | Entered the realm of Cerebov.
120222 | Pan      | Found an exit through the horrors of the Abyss.
120483 | Pan      | Noticed Cerebov
120508 | Pan      | Killed Cerebov
120651 | Pan      | Got a warped lajatang
120704 | Pan      | Identified the Handbook of the Entourage
120711 | Pan      | Got a bloodstained flail
120712 | Pan      | Identified the +5 flail "Impslayer" {flame, Dex+2} (You found it in Pandemonium)
120713 | Pan      | Identified the cursed +1 hunting sling "Itija" {freeze, +Inv rF- rC+++ Stlth+} (You took it off a red devil in Pandemonium)
120736 | Pan      | Got an encrusted mace
120742 | Pan      | Identified the +6 mace of Moderation {drain, rPois MR+ Str+4 Stlth+} (You found it in Pandemonium)
120761 | Pan      | Got a twisted hand crossbow
120773 | Pan      | Got a shimmering chain mail
120788 | Pan      | Identified the +5 chain mail of Summertime {rF- Str+10 Int-5 SInv} (You found it in Pandemonium)
120818 | Pan      | Got a steaming lead ring
120829 | Pan      | Got a translucent war axe
120832 | Pan      | Got a shimmering rapier
120833 | Pan      | Identified the +10 hand crossbow "Qolykhle" {freeze, Str+6} (You found it in Pandemonium)
120835 | Pan      | Identified the +2 war axe "Geskogeh" {speed, rC++ Int+5 Stlth-} (You found it in Pandemonium)
120837 | Pan      | Identified the +5 rapier of the Brain {flame, rElec Str+4} (You found it in Pandemonium)
120839 | Pan      | Got a translucent short sword
120840 | Pan      | Identified the +4 short sword of Jyxaroff {flame, rN+ MR+ Str+4} (You found it in Pandemonium)
120898 | Pan      | Identified the ring "Inuss" {rElec Int+2 Dex+4 Stlth-} (You found it in Pandemonium)
120927 | Pan      | Got a heavily runed chain mail
120929 | Pan      | Got a warped short sword
120932 | Pan      | Identified the +11 short sword "Wutiz" {freeze, MR++} (You found it in Pandemonium)
120944 | Pan      | Identified the +5 chain mail "Keenkowi" {rN+ Int+2} (You found it in Pandemonium)
120981 | Pan      | Got a fiery rune of Zot
121316 | Pan      | Reached skill level 15 in Shields
121538 | Pan      | Took an exit into the Abyss.
121538 | Abyss:1  | Escaped into the Abyss
121544 | Abyss:1  | Found a corrupted altar of Lugonu.
121561 | Depths:1 | Escaped the Abyss
122156 | Pan      | Entered the realm of Mnoleg.
122156 | Pan      | Entered Pandemonium
122156 | Pan      | Noticed Mnoleg
122165 | Pan      | Found an exit through the horrors of the Abyss.
122196 | Pan      | Reached skill level 1 in Ice Magic
122827 | Pan      | Upgraded the game from 0.17-a0-746-g953d9fb to 0.17-a0-747-g8a9bede
122840 | Pan      | Killed Mnoleg
123000 | Pan      | Got a glowing rune of Zot
123260 | Pan      | Noticed Eriym Soisu the pandemonium lord
123267 | Pan      | Killed Eriym Soisu the pandemonium lord
123288 | Pan      | Reached skill level 10 in Stealth
123297 | Pan      | Identified Cigotuvi's Almanac of Shape Shifting
123495 | Pan      | Found an exit through the horrors of the Abyss.
123897 | Pan      | Noticed Beci the pandemonium lord
123901 | Pan      | Killed Beci the pandemonium lord
124162 | Pan      | Paralysed by a Zot trap for 4 turns
124183 | Pan      | Noticed Layrr the pandemonium lord
124188 | Pan      | Killed Layrr the pandemonium lord
124269 | Pan      | Reached skill level 15 in Translocations
124329 | Pan      | Noticed Weitwuil the pandemonium lord
124329 | Pan      | Killed Weitwuil the pandemonium lord
124355 | Pan      | Found an exit through the horrors of the Abyss.
124422 | Pan      | Noticed Fagrisepun the pandemonium lord
124424 | Pan      | Killed Fagrisepun the pandemonium lord
124504 | Pan      | Reached skill level 15 in Stealth
124693 | Pan      | Got a scorched quick blade
124696 | Pan      | Identified Xunesm's Collected Works on Malediction
124699 | Pan      | Identified the +5 quick blade "Jaiskusu" {flame, Stlth+} (You found it in Pandemonium)
125000 | Pan      | Found a huge runed gate.
125058 | Pan      | Noticed Vueghu the pandemonium lord
125063 | Pan      | Killed Vueghu the pandemonium lord
125314 | Pan      | Found an exit through the horrors of the Abyss.
125342 | Pan      | Noticed Enniaf the pandemonium lord
125343 | Pan      | Killed Enniaf the pandemonium lord
125689 | Pan      | Found an exit through the horrors of the Abyss.
126058 | Pan      | Noticed Xepeq the pandemonium lord
126060 | Pan      | Killed Xepeq the pandemonium lord
126255 | Pan      | Entered the realm of Gloorx Vloq.
126677 | Pan      | Noticed Gloorx Vloq
126689 | Pan      | Killed Gloorx Vloq
126799 | Pan      | Got a dark rune of Zot
126850 | Pan      | Got a transparent platinum amulet
127154 | Pan      | Found an exit through the horrors of the Abyss.
127237 | Pan      | Identified the amulet of the Butterfly {Ward rPois rN+ Str+4 Int+2 Stlth+} (You found it in Pandemonium)
127243 | Pan      | Got a polished hat
127254 | Pan      | Identified the +0 hat of Caps {rPois rC- rCorr} (You acquired it in Pandemonium)
127266 | Pan      | Noticed Ufofupir the pandemonium lord
127271 | Pan      | Killed Ufofupir the pandemonium lord
127453 | Pan      | Found an exit through the horrors of the Abyss.
127875 | Pan      | Took an exit into the Abyss.
127875 | Abyss:1  | Escaped into the Abyss
127954 | Depths:1 | Escaped the Abyss
128966 | D:3      | Noticed Grinder
128966 | D:3      | Killed Grinder
129420 | Hell     | Entered the Vestibule of Hell
129420 | Hell     | Noticed Geryon
129425 | Hell     | Killed Geryon
129560 | Depths:1 | Gained mutation: Your magical capacity is low (-10% MP). [mutagenic glow]
130077 | Depths:1 | Upgraded the game from 0.17-a0-747-g8a9bede to 0.17-a0-755-g4391640
130190 | Hell     | Found a gateway to the Iron City of Dis.
130323 | Hell     | Found a gateway to the freezing wastes of Cocytus.
130540 | Hell     | Found a gateway to the ashen valley of Gehenna.
130576 | Hell     | Found a gateway to the decaying netherworld of Tartarus.
130706 | Coc:1    | Entered Level 1 of Cocytus
135678 | Coc:6    | Reached skill level 27 in Fire Magic
136506 | Coc:7    | Entered Level 7 of Cocytus
137129 | Coc:7    | Got a faintly glowing tin ring
137136 | Coc:7    | Got a crude ring mail
137138 | Coc:7    | Got a faintly glowing robe
137224 | Coc:7    | Noticed Antaeus
137242 | Coc:7    | Killed Antaeus
137557 | Coc:7    | Got an icy rune of Zot
137581 | Coc:7    | Identified the +1 robe of Jeucs {rElec rPois Str+4} (You found it on level 7 of Cocytus)
137591 | Coc:7    | Identified the cursed +0 ring mail of Elitism {-Tele rPois rC+ Str+3} (You found it on level 7 of Cocytus)
137598 | Coc:7    | Identified the ring of Honesty {Contam rF+ MR+ Str+7 SInv} (You found it on level 7 of Cocytus)
138048 | Dis:1    | Entered Level 1 of the Iron City of Dis
138930 | Dis:2    | Reached skill level 27 in Conjurations
140473 | Dis:3    | Reached skill level 27 in Dodging
141296 | Dis:5    | Found a burning altar of Makhleb.
142668 | Dis:7    | Entered Level 7 of the Iron City of Dis
143621 | Dis:7    | Noticed Dispater
143892 | Dis:7    | Killed Dispater
143892 | Dis:7    | Reached skill level 27 in Fighting
143970 | Dis:7    | Got an iron rune of Zot
144249 | Dis:7    | Got a fine quick blade
144370 | Hell     | Identified the +3 quick blade "Wilycuur" {antimagic, rC+++ MP+9 Str-2 Int+3} (You found it on level 7 of the Iron City of Dis)
144408 | Geh:1    | Entered Level 1 of Gehenna
144423 | Geh:2    | Reached skill level 5 in Maces & Flails
145348 | Geh:6    | Reached skill level 27 in Spellcasting
145572 | Geh:7    | Entered Level 7 of Gehenna
145731 | Geh:7    | Reached skill level 10 in Maces & Flails
146367 | Geh:7    | Got a scorched buckler
146373 | Geh:7    | Identified the cursed +0 buckler of the Wheelwright {MR+ rCorr} (You found it on level 7 of Gehenna)
146717 | Geh:7    | Noticed Asmodeus
146746 | Geh:7    | Killed Asmodeus
146881 | Geh:7    | Got a fine dagger
146885 | Geh:7    | Got an obsidian rune of Zot
147534 | Lair:1   | Identified the +1 dagger of Precise Incision {distort, Contam +Fly rF+ SInv} (You found it on level 7 of Gehenna)
147556 | Lair:1   | Identified the +8 halberd of Vent {drain, +Blink Stlth+} (You found it in a bailey)
148089 | Tar:1    | Entered Level 1 of Tartarus
149237 | Tar:7    | Entered Level 7 of Tartarus
149365 | Tar:7    | Identified the Disquisition on Talismans
149371 | Tar:7    | Got a ring of the Octopus King
149477 | Tar:7    | Noticed an ancient lich
149478 | Tar:7    | Killed an ancient lich
149509 | Tar:7    | Noticed an ancient lich
149511 | Tar:7    | Killed an ancient lich
149904 | Tar:7    | Noticed the Serpent of Hell
149915 | Tar:7    | Killed the Serpent of Hell
149928 | Tar:7    | Gained mutation: You are frail (-10% HP). [mutagenic glow]
149978 | Tar:7    | Noticed an ancient lich
149981 | Tar:7    | Killed an ancient lich
150068 | Tar:7    | Noticed Ereshkigal
150127 | Tar:7    | Lost mutation: You are agile. (Dex +2) [mutagenic glow]
150134 | Tar:7    | Killed Ereshkigal
150183 | Tar:7    | Gained mutation: You are very frail (-20% HP). [mutagenic glow]
150295 | Tar:7    | Got a bone rune of Zot
150445 | Tar:7    | Reached skill level 15 in Maces & Flails
150612 | Tar:7    | Got a bound steel amulet
150729 | Tar:7    | Got a heavily jewelled robe
150740 | Tar:7    | Identified the cursed +0 robe of Mirth {rPois Regen+} (You found it on level 7 of Tartarus)
151063 | Lair:1   | Identified the amulet of Xom's Recklessness {Ward rN+ Int+2} (You found it on level 7 of Tartarus)
151064 | Lair:1   | Identified a ring of the Octopus King {AC+1 EV+1 Str+1 Int+1 Dex+1 SInv} (You found it on level 7 of Tartarus)
151070 | Lair:1   | Identified a +0 rod of clouds (12/12) (You found it on level 7 of Tartarus)
151102 | Lair:1   | Learned a level 8 spell: Disjunction
151109 | Lair:1   | Learned a level 6 spell: Dispersal
151125 | Lair:1   | Lost mutation: You passively map a small area around you. [potion of cure mutation]
151125 | Lair:1   | Lost mutation: Your magical capacity is low (-10% MP). [potion of cure mutation]
151125 | Lair:1   | Lost mutation: You are very frail (-20% HP). [potion of cure mutation]
151125 | Lair:1   | Lost mutation: Your spells are a little harder to cast, but a little more powerful. [potion of cure mutation]
151125 | Lair:1   | Lost mutation: You are frail (-10% HP). [potion of cure mutation]
151125 | Lair:1   | Lost mutation: Your natural rate of healing is unusually fast. [potion of cure mutation]
151593 | Zot:1    | Entered Level 1 of the Realm of Zot
152913 | Zot:2    | Identified the Disquisition on Flamy Blows and Bruises (You acquired it on level 2 of the Realm of Zot)
152929 | Zot:2    | Noticed an orb of fire
152934 | Zot:2    | Killed an orb of fire
152963 | Zot:2    | Noticed an orb of fire
152967 | Zot:2    | Killed an orb of fire
154514 | Zot:3    | Noticed an orb of fire
154519 | Zot:3    | Killed an orb of fire
156240 | Zot:5    | Entered Level 5 of the Realm of Zot
156403 | Zot:5    | Noticed an ancient lich
156405 | Zot:5    | Killed an ancient lich
156407 | Zot:5    | Noticed an ancient lich
156411 | Zot:5    | Killed an ancient lich
156425 | Zot:5    | Reached skill level 27 in Translocations
156469 | Zot:5    | Noticed an orb of fire
156469 | Zot:5    | Noticed an orb of fire
156471 | Zot:5    | Noticed an orb of fire
156487 | Zot:5    | Killed an orb of fire
156490 | Zot:5    | Killed an orb of fire
156503 | Zot:5    | Killed an orb of fire
156723 | Zot:5    | Noticed an orb of fire
156724 | Zot:5    | Noticed an orb of fire
156725 | Zot:5    | Noticed an orb of fire
156728 | Zot:5    | Killed an orb of fire
156733 | Zot:5    | Killed an orb of fire
156737 | Zot:5    | Killed an orb of fire
156972 | Zot:5    | Noticed an ancient lich
156973 | Zot:5    | Killed an ancient lich
157278 | Zot:5    | Noticed an orb of fire
157282 | Zot:5    | Killed an orb of fire
157484 | Zot:5    | Got the Orb of Zot
158320 | D:$      | Escaped with the Orb!

Action                   |  1- 3 |  4- 6 |  7- 9 | 10-12 | 13-15 | 16-18 | 19-21 | 22-24 | 25-27 || total
-------------------------+-------+-------+-------+-------+-------+-------+-------+-------+-------++-------
Melee: Dagger            |     9 |     2 |       |       |       |       |       |       |       ||    11
       Unarmed           |     6 |       |       |       |       |       |       |       |       ||     6
       Flail             |       |     3 |    14 |    16 |    12 |     3 |       |       |   171 ||   219
       Staff             |       |       |       |       |       |     2 |     4 |     4 |     5 ||    15
       War axe           |       |       |       |       |       |       |       |       |   100 ||   100
 Cast: Magic Dart        |    86 |    83 |   116 |   156 |    38 |     3 |       |       |       ||   482
       Iskenderun's Myst |       |    21 |    92 |   195 |   676 |   407 |   665 |   241 |   113 ||  2410
       Iskenderun's Batt |       |       |    19 |    59 |   121 |   122 |   124 |    68 |    22 ||   535
       Sublimation of Bl |       |       |       |     1 |    14 |    17 |   103 |    77 |   914 ||  1126
       Fireball          |       |       |       |    10 |   127 |    13 |    18 |    16 |    14 ||   198
       Haste             |       |       |       |       |     6 |    12 |    11 |    13 |    76 ||   118
       Delayed Fireball  |       |       |       |       |    15 |    29 |    35 |    49 |    58 ||   186
       Deflect Missiles  |       |       |       |       |     2 |     6 |     2 |       |     5 ||    15
       Orb of Destructio |       |       |       |       |       |    43 |    49 |    25 |     7 ||   124
       Fire Storm        |       |       |       |       |       |    11 |   207 |   347 |  3177 ||  3742
       Controlled Blink  |       |       |       |       |       |       |     5 |     9 |   116 ||   130
       Lehudib's Crystal |       |       |       |       |       |       |       |    12 |  1345 ||  1357
       Regeneration      |       |       |       |       |       |       |       |       |   451 ||   451
       Necromutation     |       |       |       |       |       |       |       |       |   236 ||   236
       Phase Shift       |       |       |       |       |       |       |       |       |    32 ||    32
       Ozocubu's Armour  |       |       |       |       |       |       |       |       |    28 ||    28
       Swiftness         |       |       |       |       |       |       |       |       |     4 ||     4
 Abil: Release Delayed F |       |       |       |       |    14 |    29 |    35 |    50 |    54 ||   182
       End Transformatio |       |       |       |       |       |       |       |       |    75 ||    75
       Stop Flying       |       |       |       |       |       |       |       |       |     1 ||     1
       Evoke Flight      |       |       |       |       |       |       |       |       |     1 ||     1
Evoke: Wand              |       |       |       |       |     1 |       |       |       |    21 ||    22
  Use: Scroll            |       |       |    12 |     7 |    13 |    14 |    17 |    17 |    82 ||   162
       Potion            |       |       |       |       |     3 |     6 |     2 |     2 |    35 ||    48
 Stab: Sleeping          |       |       |       |       |       |       |       |       |     2 ||     2
       Distracted        |       |       |       |       |       |       |       |       |     1 ||     1
  Eat: Chunk             |       |     9 |    21 |    28 |    57 |    47 |    60 |    32 |   130 ||   384
       Beef jerky        |       |       |     1 |     1 |       |       |     2 |     6 |    15 ||    25
       Pizza             |       |       |     1 |     2 |     1 |     3 |     7 |       |     4 ||    18
       Fruit             |       |       |       |       |       |       |       |     5 |    32 ||    37
       Bread ration      |       |       |       |       |       |       |       |       |    14 ||    14
       Royal jelly       |       |       |       |       |       |       |       |       |     4 ||     4
       Meat ration       |       |       |       |       |       |       |       |       |     1 ||     1
